 Dungeon Crawl Stone Soup version 0.30.0-29-ga12c61a403 (webtiles) character file.

Game seed: 13214684345868431769

73 Graphine the Ducker (level 4, -2/33 (35) HPs)
             Began as a Merfolk Gladiator on June 13, 2023.
             Succumbed to Crazy Yiuf's poison
             ... on level 2 of the Dungeon.
             The game lasted 00:04:01 (1353 turns).

Graphine the Ducker (Merfolk Gladiator)             Turns: 1353, Time: 00:04:02

HP:   -2/33 (35)    AC:  4    Str: 14    XL:     4   Next: 27%
MP:   5/5           EV: 14    Int:  7    God:
Gold: 30            SH:  0    Dex: 17    Spells: 5/5 levels left

rFire   . . .        a - +0 long sword
rCold   . . .        (no shield)
rNeg    . . .        b - +0 leather armour
rPois   .            c - +0 helmet
rElec   .            (no cloak)
rCorr   .            (no gloves)
SInv    .            (no boots)
Will    .....        (no amulet)
Stlth   +            (no ring)
HPRegen 0.25/turn    (no ring)
MPRegen 0.09/turn

%: no passive effects
@: lethally poisoned (-2 -> -22), hasted, drained, very quick
A: (nimble swimmer 2), mertail
a: no special abilities


You were on level 2 of the Dungeon.
You visited 1 branch of the dungeon, and saw 2 of its levels.

You collected 30 gold pieces.

Inventory:

Hand Weapons
 a - a +0 long sword (weapon)
 k - a +1 dagger of draining
Missiles
 d - 3 throwing nets (quivered)
 j - a javelin
Armour
 b - a +0 leather armour (worn)
 c - a +0 helmet (worn)
Scrolls
 e - 2 scrolls of teleportation {unknown}
 g - a scroll of poison {unknown}
Potions
 f - a potion of heal wounds


   Skills:
 * Level 3.0 Fighting
 * Level 4.3 Long Blades
 - Level 2.0 Throwing
 * Level 4.7 Dodging
 * Level 1.0 Spellcasting
 * Level 1.0 Translocations


You had 5 spell levels left.
You didn't know any spells.
Your spell library contained the following spells:

 Spells                   Type           Power      Damage    Failure   Level
 Apportation              Tloc           2%         N/A       34%         1
 Necrotise                Necr           0%         1d4       47%         1
 Sandblast                Erth           0%         2d4       47%         1
 Summon Small Mammal      Summ           0%         N/A       47%         1
 Passwall                 Tmut/Erth      0%         N/A       63%         2
 Stone Arrow              Conj/Erth      0%         3d7       85%         3


Dungeon Overview and Level Annotations

Branches:
Dungeon (2/15)

Altars:

Annotations:
D:2 Crazy Yiuf


Innate Abilities, Weirdness & Mutations

((You are very nimble when in or above water. (Stealth+, EV+, Speed+++)))
Your lower body shifts to a powerful aquatic tail in water.


Message History

You kill the kobold!
The quokka barely misses you.
Your Spellcasting skill increases to level 1!
You slash the quokka!
You kill the quokka!
Your Translocations skill increases to level 1!
No target in view!
Found a ring mail.
Things that are here:
a +1 dagger of draining; 3 stones; a kobold corpse
k - a +1 dagger of draining
Found a hammer.
Found a runed translucent door.
Crazy Yiuf shouts!
Found a stone staircase leading down.
Okay, then.
Okay, then.
It was a potion of curing.
You feel better.
It was a potion of haste.
You feel yourself speed up.
Crazy Yiuf cries, "You leg down broken song, no?"
You open the door. You hit Crazy Yiuf.
Crazy Yiuf is moderately wounded.
Crazy Yiuf hits you with a +3 quarterstaff of chaos.
You resist with some effort.
You closely miss Crazy Yiuf.
Crazy Yiuf is moderately wounded.
Crazy Yiuf hits you with a +3 quarterstaff of chaos!
You slash Crazy Yiuf!
Crazy Yiuf is severely wounded.
You barely miss Crazy Yiuf.
Crazy Yiuf is severely wounded.
Crazy Yiuf hits you with a +3 quarterstaff of chaos.
You barely miss Crazy Yiuf.
Crazy Yiuf is severely wounded.
Crazy Yiuf hits you with a +3 quarterstaff of chaos!
* * * LOW HITPOINT WARNING * * *
You are lethally poisoned!
You barely miss Crazy Yiuf.
Crazy Yiuf is severely wounded.
You die...

#.######
####....#
#..........
#. #....#
#..........
>. ♣....♣
#....[.....
... ♣♣...♣
#..........
.... ♣♣.♣♣
#..........
.... ♣♣.♣
##########..
.... ♣.♣♣
#..## #..
♣♣.♣ ##..#
#.. ♣@♣♣
###.# #..
#g# #...####
### ...
#......##
#...#
#..###..####
#)..# ####
##....#
##### ####.#
#.# ########
######..
#......#
#.......


You could see Crazy Yiuf.

Vanquished Creatures
  Natasha (D:2)
  2 adders (D:2)
  A dart slug (D:1)
  A bat (D:2)
  4 endoplasms
  2 goblins (D:1)
  2 hobgoblins
  2 quokkas (D:2)
  A ball python (D:2)
  3 frilled lizards (D:2)
  7 kobolds
  3 rats (D:1)
29 creatures vanquished.

Notes
Turn   | Place    | Note
-------+----------+-------------------------------------------
     0 | D:1      | Graphine the Merfolk Gladiator began the quest for the Orb.
     0 | D:1      | Reached XP level 1. HP: 16/16 MP: 1/1
   187 | D:1      | Reached XP level 2. HP: 23/23 MP: 2/2
   833 | D:2      | Reached XP level 3. HP: 23/28 MP: 3/3
  1172 | D:2      | Noticed Natasha
  1177 | D:2      | Killed Natasha
  1178 | D:2      | Reached XP level 4. HP: 27/35 MP: 3/5
  1268 | D:2      | Reached skill level 1 in Spellcasting
  1269 | D:2      | Reached skill level 1 in Translocations
  1298 | D:2      | Found a runed translucent door.
  1299 | D:2      | Noticed Crazy Yiuf
  1353 | D:2      | Succumbed to Crazy Yiuf's poison

Illustrated notes

Levels and vault maps discovered:
D:1:      psy_arrival_heroes, layout_loops_corners
D:2:      layout_basic, minivault_26, cheibrodos_gnoll_hut,
          uniq_crazy_yiuf_cottage, uniq_natasha

Skill      XL: |  1  2  3  4 |
---------------+-------------+-----
Long Blades    | 4 |  4.3
Fighting       | 3 |  3.0
Spellcasting   | 1 |  1.0
Translocations | 1 |  1.0
Throwing       | |  2.0
Dodging        | |  4.7

Action                     |  1- 3 |  4- 6 || total
---------------------------+-------+-------++-------
  Melee: Long sword        |    61 |    16 ||    77
  Throw: Javelin           |     5 |       ||     5
         Throwing net      |     1 |       ||     1
    Use: Scroll            |     3 |       ||     3
         Potion            |       |     2 ||     2
   Stab: Sleeping          |     1 |       ||     1
 Armour: Leather armour    |    16 |     4 ||    20
  Dodge: Dodged            |    33 |     7 ||    40
